 Dungeon Crawl Stone Soup version 0.30-a0-1116-gebefce21f7 (webtiles) character file.

Game seed: 16446487854087712812

1134 themarg the Summoner (level 8, 0/52 HPs)
             Began as a Merfolk Summoner on Apr 21, 2023.
             Killed by divine providence
             ... invoked by an orc priest
              (13 damage)
             ... on level 5 of the Dungeon.
             The game lasted 00:19:18 (7728 turns).

themarg the Summoner (Merfolk Summoner)             Turns: 7728, Time: 00:19:18

Health: 0/52       AC:  3    Str:  7 (9)  XL:     8   Next: 36%
Magic:  6/11       EV: 15    Int: 22      God:
Gold:   258        SH:  0    Dex: 14      Spells: 1/11 levels left

rFire   . . .      SeeInvis .    y - +0 trident
rCold   . . .      Faith    .    (no shield)
rNeg    . . .      Spirit   .    a - +0 robe
rPois   .          Reflect  .    p - +0 helmet
rElec   .          Rampage  .    k - scarf {shadows}
rCorr   .                        (no gloves)
Will    .....                    (boots currently unavailable)
Stlth   +++                      (no amulet)
HPRegen 0.28/turn                n - +6 ring of intelligence
MPRegen 0.12/turn                (no ring)

@: very quick
A: nimble swimmer 2, mertail
a: no special abilities


You were on level 5 of the Dungeon.
You visited 1 branch of the dungeon, and saw 5 of its levels.

You collected 258 gold pieces.

Inventory:

Hand Weapons
 f - a +0 short sword of electrocution
 y - a +0 trident (weapon)
Missiles
 c - 72 stones
 r - 4 boomerangs
 w - 6 poisoned darts
Armour
 a - a +0 robe (worn)
 k - a scarf of shadows (worn)
 p - a +0 helmet (worn)
Jewellery
 n - a +6 ring of intelligence (left hand)
Wands
 o - a wand of flame (18)
 t - a wand of charming (12)
Scrolls
 d - 3 scrolls of fog {unknown}
 h - 4 scrolls of teleportation
 i - 5 scrolls of identify {unknown}
 j - a scroll of enchant weapon {unknown}
 l - a scroll of enchant armour {unknown}
 m - 2 scrolls of noise {unknown}
 s - a scroll of vulnerability {unknown}
Potions
 b - 3 potions of magic
 e - a potion of lignification
 g - 2 potions of flight {unknown}
 q - a potion of heal wounds {unknown}
 v - a potion of haste {unknown}
 x - a potion of curing {unknown}


   Skills:
 - Level 2.6 Dodging
 - Level 3.0 Stealth
 - Level 2.0 Spellcasting
 + Level 9.2 Summonings
 + Level 3.6 Air Magic


You had one spell level left.
You knew the following spells:

 Your Spells              Type           Power      Damage    Failure   Level
a - Summon Small Mammal   Summ           100%       N/A       1%          1
b - Call Imp              Summ           84%        N/A       1%          2
c - Call Canine Familiar  Summ           42%        N/A       1%          3
d - Summon Lightning Spi  Summ/Air       30%        N/A       10%         4

Your spell library contained the following spells:

 Spells                   Type           Power      Damage    Failure   Level
 Slow                     Hex            8%         N/A       14%         1
 Summon Guardian Golem    Hex/Summ       22%        N/A       6%          3
 Confusing Touch          Hex            2%         N/A       38%         3
 Vampiric Draining        Necr           2%         2d6       38%         3
 Malign Gateway           Summ/Tloc      11%        N/A       100%        7
 Summon Horrible Things   Summ           21%        N/A       100%        8


Dungeon Overview and Level Annotations

Branches:
Dungeon (5/15)
 Temple: D:4-7

Altars:
Elyvilon
Fedhas
Gozag
Makhleb
Xom

Annotations:
D:3 3 runed translucent doors, themarg's ghost, amateur MfSu
D:5 1 transporter


Innate Abilities, Weirdness & Mutations

You are very nimble when in or above water. (Stealth+, EV+, Speed+++)
Your lower body shifts to a powerful aquatic tail in water.


Message History

The orc priest is moderately wounded.
Your wolf bites the plant.
The plant begins to die.
Your cerulean imp hits the shadow imp from afar with a +0 spear.
The orc priest calls down the wrath of Beogh upon you.
Beogh smites you!
* * * LOW HITPOINT WARNING * * *
The shadow imp misses you.
You hit the orc priest.
Your tail-slap misses the orc priest.
The orc priest is severely wounded.
Your cerulean imp closely misses the shadow imp.
The orc priest barely misses you. The shadow imp barely misses you.
Your cerulean imp barely misses the shadow imp.
The shadow imp closely misses you.
The orc priest calls down the wrath of Beogh upon you.
You struggle to resist.
You hit the orc priest.
The orc priest is almost dead.
Your cerulean imp hits the shadow imp but does no damage.
The orc priest mumbles some strange prayers to Beogh against you.
Pain shoots through your body!
* * * LOW HITPOINT WARNING * * *
The shadow imp hits you.
* * * LOW HITPOINT WARNING * * *
You hit the orc priest but do no damage.
The orc priest is almost dead.
Your cerulean imp barely misses the shadow imp.
The orc priest begins to cast a cantrip, but forgets the words!
The shadow imp closely misses you.
You closely miss the orc priest.
Your tail-slap misses the orc priest.
The orc priest is almost dead.
A nearby plant withers and dies.
Your cerulean imp barely misses the shadow imp.
The orc priest begins to cast a cantrip, but forgets the words!
The shadow imp gestures at you.
You struggle to resist.
Your cerulean imp hits the shadow imp from afar with a +0 spear.
The shadow imp misses you.
The orc priest invokes the aid of Beogh against you.
Beogh smites you!
You die...

####.# #.##..........# #
.....# #.##.#####...## #
###### ###.#...#####.##
#.....©.....#.#
#.#########.#.#
#.#8P.©.P8#.#.#
#.#P.....P#...#
#.####'####.#.#
#.#o@r.5≈5#.#.#
#.#5≈..h≈5#.#.#
#.#.≈~~~≈.#.#.#
#.#.≈P♣~≈.#.#.#######
#.#.≈~~~≈.#.#.#......
#.#.≈...≈.#.#.#.#####
#.#.≈...≈.#.#.#.#
##########.####+####.#.#.#
#..........#~..[..~#.#.#.#


You could see an orc priest (ally target), 3 shadow imps, a friendly wolf
(summoned), a friendly cerulean imp (summoned) and a friendly quokka (summoned).

Vanquished Creatures
  Robin (D:2)
  A worm (D:3)
  2 orcs (D:3)
  4 ball pythons
  An endoplasm (D:2)
  3 goblins
  3 hobgoblins
  A quokka (D:3)
  2 bats
  A kobold (D:2)
  A rat (D:1)
20 creatures vanquished.

Vanquished Creatures (collateral kills)
  Sigmund (D:2)
  A water moccasin (D:3)
  An ogre (D:3)
  Blork the orc (D:5)
  A gnoll sergeant (D:4)
  2 scorpions (D:5)
  3 jellies
  3 hounds (D:5)
  2 orc priests
  An iguana (D:5)
  An orc wizard (D:5)
  5 gnolls (D:4)
  6 adders
  An ufetubus (D:5)
  3 worms
  4 dart slugs
  7 orcs
  4 bats
  3 endoplasms
  6 hobgoblins
  4 jackals (D:3)
  6 kobolds
  2 quokkas
  2 ball pythons (D:2)
  4 frilled lizards (D:1)
  8 goblins
  5 rats
87 creatures vanquished.

Vanquished Creatures (others)
  An orc wizard (D:4)
  A plant (D:5)
2 creatures vanquished.

Grand Total: 109 creatures vanquished

Notes
Turn   | Place    | Note
-------+----------+-------------------------------------------
     0 | D:1      | themarg the Merfolk Summoner began the quest for the Orb.
     0 | D:1      | Reached XP level 1. HP: 13/13 MP: 3/3
   158 | D:1      | Reached XP level 2. HP: 19/19 MP: 1/5
   166 | D:1      | Learned a level 2 spell: Call Imp
   761 | D:1      | Reached XP level 3. HP: 23/24 MP: 0/6
   765 | D:1      | Learned a level 3 spell: Call Canine Familiar
  1375 | D:2      | Found a shimmering altar of Xom.
  1461 | D:2      | Noticed Sigmund
  1490 | D:2      | Killed Sigmund
  1491 | D:2      | Reached skill level 6 in Summonings
  1491 | D:2      | Reached XP level 4. HP: 30/30 MP: 3/7
  1491 | D:2      | Reached XP level 5. HP: 35/35 MP: 3/8
  1707 | D:2      | Noticed Robin
  1781 | D:2      | Killed Robin
  1782 | D:2      | Reached XP level 6. HP: 41/41 MP: 5/9
  2109 | D:2      | Reached skill level 7 in Summonings
  2445 | D:3      | Found a faded altar of an unknown god.
  3103 | D:3      | Found a runed translucent gate.
  3103 | D:3      | Found a runed translucent gate.
  3103 | D:3      | Found a runed translucent gate.
  3104 | D:3      | Found an opulent altar of Gozag.
  3108 | D:3      | Noticed themarg's ghost (amateur MfSu)
  3527 | D:3      | Found a white marble altar of Elyvilon.
  3743 | D:3      | Found a shimmering altar of Xom.
  3747 | D:3      | Found a faded altar of an unknown god.
  3749 | D:3      | Found a faded altar of an unknown god.
  3750 | D:3      | Found a burning altar of Makhleb.
  3754 | D:3      | Found a blossoming altar of Fedhas.
  4101 | D:4      | Reached XP level 7. HP: 34/46 MP: 5/10
  4110 | D:4      | Reached skill level 8 in Summonings
  4342 | D:4      | Reached skill level 1 in Air Magic
  5012 | D:4      | Identified the +6 sling of the Assorted Ears {heavy, rF+}
  5122 | D:4      | Learned a level 4 spell: Summon Lightning Spire
  5462 | D:5      | Entered Level 5 of the Dungeon
  5579 | D:5      | Found a transporter.
  5945 | D:5      | Found a transporter.
  6001 | D:5      | Noticed Blork the orc
  6170 | D:5      | Reached XP level 8. HP: 52/52 MP: 6/11
  6810 | D:5      | Reached skill level 9 in Summonings
  6817 | D:5      | Killed Blork the orc
  7728 | D:5      | Killed from afar by an orc priest

Illustrated notes

Levels and vault maps discovered:
D:1:      dpeg_arrival_stone_temple_mockup, layout_loops_ring
D:2:      layout_basic, basic_altar, uniq_robin, uniq_sigmund
D:3:      layout_loops_ring, mainiacjoe_overflow_paths,
          chequers_temple_overflow_minitemple, nicolae_ecumenical_oubliette,
          ebering_ghost_gozag, chequers_avenue
D:4:      layout_cave_pods, kennysheep_boxes
D:5:      gammafunk_wand_slinger, layout_loops_ring, nicolae_zen_rock_garden,
          uniq_blork_the_orc

Skill      XL: |  1  2  3  4  5  6  7  8 |
---------------+-------------------------+-----
Stealth        | 3 |  3.0
Summonings     | 6 7 8 9 |  9.2
Air Magic      | 2 3 |  3.6
Dodging        | |  2.6
Spellcasting   | |  2.0

Action                     |  1- 3 |  4- 6 |  7- 9 || total
---------------------------+-------+-------+-------++-------
  Melee: Unarmed           |     9 |       |       ||     9
         Short sword       |    21 |    11 |       ||    32
         Punch             |     1 |       |       ||     1
         Spear             |       |    57 |    37 ||    94
         Tailslap          |       |     3 |       ||     3
         Trident           |       |       |     8 ||     8
   Cast: Summon Small Mamm |    41 |     6 |    13 ||    60
         Call Imp          |    10 |    11 |    16 ||    37
         Call Canine Famil |     1 |    16 |    23 ||    40
    Use: Scroll            |       |     1 |       ||     1
         Potion            |       |       |     2 ||     2
   Stab: Distracted        |     2 |     1 |       ||     3
 Armour: Robe              |     6 |    14 |     4 ||    24
  Dodge: Dodged            |    37 |    40 |    49 ||   126

Table legend: (Time is in decaauts)
 A = Elapsed time spent in this place.
 B = Non-inter-level travel time spent in this place.
 C = Inter-level travel time spent in this place.
 D = Time resting spent in this place.
 E = Time spent auto-exploring this place.
 F = Levels seen in this place.
 G = Mean time per level.
                   A        B        C        D        E       F      G
               +--------+--------+--------+--------+--------+-----+--------+
         Total |   7740 |   7235 |    505 |    601 |   5492 |   5 | 1548.0 |
       Dungeon |   7740 |   7235 |    505 |    601 |   5492 |   5 | 1548.0 |
               +--------+--------+--------+--------+--------+-----+--------+

Top non-repeatable levels by time:
     D:3: 1890 daAuts
     D:4: 1832 daAuts
     D:2: 1424 daAuts
     D:5: 1411 daAuts
     D:1: 1181 daAuts
